Map: Blackburn LE

Players

Warthog

  • Race: Terran Terran
  • League: Master
  • Spawn Location: 7:00

baaaaaaaaAng - Winner!

  • Race: Zerg Zerg
  • League: Master
  • Spawn Location: 5:00

VOD

Have the link to the VOD?

Description

Time

  • Played on: Dec. 15, 2021, 9:10 p.m.
  • Length: 25:47
Show
View Real Time Build Order
Export as new Build Order

Warthog Terran 

Build Orders: Liberator Opening, Reaper Expand 

Get SALT Encoding   

  12  0:00  SCV  
  13  0:12  SCV  
  14  0:17  Supply Depot  
  14  0:24  SCV  
  15  0:38  SCV  
  15  0:40  Barracks  
  16  0:44  Refinery  
  16  0:52  SCV  
  17  1:04  SCV  
  18  1:16  SCV  
  19  1:29  Reaper, Orbital Command  
  20  1:41  Command Center  
  20  1:54  Supply Depot  
  20  1:55  SCV  
  20  2:01  Marine  
  21  2:07  Factory  
  22  2:10  SCV  
  22  2:15  Refinery  
  23  2:21  Barracks Reactor  
  23  2:35  SCV  
  23  2:47  SCV  
  24  2:54  Starport  
  24  2:56  Orbital Command  
  24  3:01  SCV  
  24  3:03  Barracks Tech Lab  
  24  3:04  Hellion x2  
  29  3:14  SCV  
  30  3:22  SCV  
  30  3:25  Hellion x2  
  35  3:28  SCV  
  35  3:32  Liberator  
  35  3:33  Supply Depot  
  39  3:35  SCV  
  39  3:38  Supply Depot  
  39  3:41  SCV  
  41  3:47  SCV  
  42  3:53  SCV, Hellion  
  42  3:55  Hellion  
  47  3:59  SCV  
  48  4:05  SCV  
  49  4:11  SCV  
  49  4:15  Liberator, Hellion  
  49  4:16  Hellion  
  49  4:24  SCV  
  49  4:25  SCV  
  49  4:29  Command Center  
  51  4:33  Supply Depot  
  51  4:40  SCV  
  51  4:44  Barracks  
  52  4:46  Barracks  
  52  4:50  Stimpack  
  52  4:51  SCV  
  53  4:53  SCV  
  53  4:56  Factory Reactor  
  54  5:03  SCV  
  54  5:05  SCV, Marine  
  53  5:15  SCV  
  53  5:17  SCV  
  55  5:22  Liberator  
  56  5:34  SCV  
  56  5:35  Marine x2  
  47  5:37  Marine x2  
  44  5:43  Command Center  
  44  5:46  SCV x2  
  41  5:53  Marine x2  
  41  5:54  Marine x2  
  41  5:55  Orbital Command  
  43  6:03  Widow Mine  
  43  6:04  SCV, Widow Mine  
  44  6:10  Supply Depot  
  44  6:11  Marine x2  
  43  6:25  SCV  
  44  6:28  Marine  
  44  6:32  Marine, Starport Reactor  
  46  6:36  SCV  
  46  6:37  SCV  
  46  6:39  Factory Reactor  
  48  6:42  Supply Depot  
  48  6:44  Supply Depot  
  48  6:46  Marine  
  49  6:48  SCV  
  49  6:52  SCV  
  49  6:54  Marine x3  
  51  6:55  Marine  
  51  6:56  Combat Shield  
  51  6:57  Orbital Command  
  51  7:00  SCV  
  56  7:04  Marine  
  56  7:05  SCV  
  56  7:07  Supply Depot  
  58  7:08  Medivac  
  60  7:16  Engineering Bay x2, SCV  
  60  7:17  SCV  
  60  7:20  Medivac  
  60  7:22  Marine  
  65  7:27  SCV  
  65  7:28  SCV  
  67  7:32  SCV  
  63  7:37  Marine x3  
  63  7:38  Medivac  
  63  7:43  Barracks  
  68  7:46  Barracks  
  68  7:50  Supply Depot  
  68  7:53  Supply Depot, Marine  
  68  7:54  Marine  
  68  7:57  Marine  
  68  7:58  Widow Mine, Marine  
  74  8:00  SCV  
  74  8:04  Refinery  
  75  8:05  Marine  
  75  8:08  Orbital Command  
  76  8:20  Marine x3  
  76  8:22  Medivac, Widow Mine  
  76  8:25  Terran Infantry Armor Level 1, Terran Infantry Weapons Level 1  
  76  8:26  SCV  
  84  8:30  SCV  
  84  8:32  Refinery  
  85  8:40  Marauder, Marine x2  
  89  8:54  Marine  
  89  8:55  Marine  
  93  8:57  Barracks Reactor x2  
  93  8:58  Marine  
  93  8:59  Widow Mine x2  
  96  9:03  SCV x2  
  87  9:11  Marine  
  87  9:12  Marauder  
  87  9:13  SCV  
  87  9:15  Marine x2  
  87  9:16  Concussive Shells, Medivac, Marine, Command Center  
  96  9:29  Marine  
  93  9:33  Marauder, Marine  
  93  9:35  Marine  
  93  9:36  Medivac, Widow Mine, Marine  
  93  9:37  Widow Mine  
  100  9:46  Marine x2  
  100  9:47  Marine x2  
  100  9:51  SCV x3  
  107  9:55  Marauder  
  107  9:57  Armory  
  109  10:14  SCV, Marine  
  109  10:15  Marine  
  108  10:26  Marauder  
  108  10:28  Widow Mine x2  
  112  10:29  SCV, Marine  
  112  10:30  SCV x2  
  112  10:33  Marine x2  
  118  10:37  Barracks  
  118  10:38  Barracks, Orbital Command  
  118  10:41  Barracks, SCV  
  118  10:42  SCV  
  121  10:43  Marine  
  121  10:44  Marine  
  121  10:47  Marauder  
  121  10:49  Widow Mine  
  123  10:50  Marine  
  123  10:53  Widow Mine  
  124  10:57  Marine  
  124  11:04  Marine  
  124  11:05  Marine x2  
  124  11:09  SCV  
  124  11:12  SCV, Widow Mine, Marauder  
  124  11:14  Marine  
  124  11:22  Medivac  
  124  11:24  Widow Mine  
  124  11:25  Marine x2  
  124  11:27  SCV x2  
  124  11:32  Planetary Fortress  
  119  11:33  Widow Mine, Marauder  
  119  11:34  Terran Infantry Armor Level 2, Barracks Tech Lab x2, Terran Infantry Weapons Level 2  
  119  11:35  Barracks Tech Lab  
  119  11:36  SCV  
  124  11:40  SCV  
  124  11:42  Marine  
  124  12:00  Marine  
  124  12:30  Supply Depot, Terran Vehicle And Ship Armor Level 1  
  124  12:31  Supply Depot x2  
  124  12:37  Marine x2  
  124  12:42  SCV x2, Marine x2  
  124  12:43  SCV  
  124  12:44  Marine  
  124  12:45  SCV, Marine  
  124  12:52  Medivac, Widow Mine x2, Marine x5, Marauder  
  124  12:55  SCV, Marine x2  
  124  12:56  SCV  
  124  12:57  Supply Depot  
  124  12:58  Supply Depot, SCV  
  140  13:00  Marine x2  
  140  13:02  Marine x2  
  144  13:09  Marine x2  
  144  13:10  Marine x3  
  149  13:13  Marauder x2  
  149  13:14  Widow Mine  
  149  13:18  Widow Mine, Marauder, Marine x2  
  161  13:20  Marine x2  
  161  13:26  Medivac x2  
  163  13:27  SCV, Marine x4  
  163  13:28  SCV, Marauder  
  171  13:36  Marauder  
  172  13:45  SCV x2  
  172  13:54  Starport  
  172  13:55  Starport  
  172  13:57  Marine x2  
  172  13:58  Supply Depot, Command Center  
  172  14:00  Medivac  
  172  14:05  Marauder, Marine x2  
  172  14:08  Marine  
  172  14:20  Widow Mine, Marauder x3  
  180  14:47  Marauder, Marine x3  
  180  14:48  SCV, Marine x2  
  180  14:50  Marine x3  
  180  14:52  Medivac, Widow Mine  
  179  14:54  Widow Mine, Marauder x2  
  179  15:03  Liberator  
  179  15:04  Marauder  
  179  15:05  Liberator, Marine  
  180  15:10  Marauder  
  180  15:11  Liberator, Reaper  
  180  15:14  Widow Mine  
  188  15:16  Widow Mine, Marauder x2  
  188  15:18  Command Center  
  194  15:26  Marine  
  194  15:27  Command Center  
  195  15:35  Marine, Planetary Fortress  
  195  15:36  Widow Mine  
  195  15:37  Liberator, Marauder  
  195  15:40  Marine x2  
  195  15:43  Marauder x2  
  195  15:44  Marauder  
  190  15:51  Marine  
  190  15:53  Marine  
  190  15:56  Liberator  
  195  16:02  Terran Infantry Weapons Level 3  
  195  16:03  Terran Ship Weapons Level 1  
  195  16:04  Liberator, Marauder  
  200  16:14  Marauder  
  200  16:15  Marauder  
  198  16:25  Marauder  
  164  16:41  Liberator x3  
  164  16:43  Marine x2  
  175  16:50  Marauder, Marine  
  175  16:59  Marine x8  
  175  17:00  Marine  
  175  17:01  Marine  
  185  17:02  Refinery x2  
  185  17:03  Refinery  
  185  17:04  Refinery  
  185  17:05  Orbital Command  
  185  17:06  Refinery, Orbital Command  
  185  17:08  Marine  
  186  17:09  Command Center  
  186  17:10  Command Center  
  186  17:11  Marine  
  186  17:12  Refinery x2  
  186  17:14  Refinery  
  187  17:17  SCV, Marine x2  
  190  17:36  Orbital Command  
  184  17:55  Marine  
  184  17:56  Marauder  
  185  17:59  Ghost Academy  
  164  18:13  Marine  
  164  18:14  Marauder x2  
  149  18:22  Marauder, Marine  
  149  18:23  Marine  
  149  18:24  Marauder  
  149  18:26  Marine  
  138  18:30  Marine  
  138  18:31  Orbital Command x2  
  133  18:35  Marauder x2  
  135  18:42  Marine  
  135  18:43  Marine x5, Ghost  
  135  18:44  Marine  
  135  18:45  Marauder  
  138  18:48  Marine  
  112  18:56  Marauder, Marine  
  112  19:00  Marine x2  
  112  19:01  Marine x2  
  107  19:04  Marine x2  
  107  19:05  Marine  
  107  19:06  Marine  
  102  19:10  Marine  
  102  19:11  Marine  
  102  19:14  Marine  
  103  19:17  Marine  
  103  19:18  Liberator x2, Widow Mine x2, Marine x4  
  103  19:19  Viking x2  
  103  19:23  Ghost  
  120  19:30  Marauder, Marine x2  
  125  19:33  Barracks, Enhanced Shockwaves  
  125  19:35  Barracks  
  125  19:36  Orbital Command  
  125  19:39  Widow Mine  
  125  19:42  Sensor Tower  
  125  19:43  SCV  
  125  19:44  Marine x2  
  125  19:45  Sensor Tower, Marauder x2, Marine x4  
  138  19:47  Marine  
  138  19:48  Marine  
  138  19:49  Medivac x2  
  138  19:51  Marauder  
  146  19:53  Marauder  
  148  20:01  Medivac x2  
  148  20:02  Marine x3  
  148  20:03  Marine x3  
  148  20:05  Marine x2  
  148  20:06  Marauder x2  
  164  20:12  Orbital Command, Marine  
  164  20:14  Marine  
  164  20:19  Medivac x2  
  169  20:30  Orbital Command  
  169  20:31  Medivac x2  
  169  20:33  Refinery  
  173  20:42  Ghost x2  
  177  20:49  Liberator, Medivac  
  179  20:50  Ghost  
  179  20:51  Ghost  
  179  20:52  Barracks Tech Lab x2  
  180  21:01  Liberator, Viking  
  180  21:02  Orbital Command  
  185  21:05  SCV x2  
  185  21:10  Refinery, Ghost  
  185  21:11  Marauder x2, Marine  
  193  21:21  Refinery  
  193  21:25  Missile Turret  
  178  21:26  Missile Turret  
  178  21:32  Marauder x5, Marine x2  
  171  21:40  Marauder  
  171  21:41  Marine  
  172  21:53  Marauder, Ghost  
  172  21:54  Marauder x3  
  182  22:00  Ghost  
  184  22:01  Command Center  
  184  22:05  Widow Mine x2  
  188  22:11  Marine  
  188  22:12  Marine  
  188  22:14  Ghost x3  
  188  22:15  Command Center, Marauder  
  198  22:16  Missile Turret  
  198  22:18  Missile Turret  
  198  22:22  Marauder  
  197  22:27  Widow Mine  
  199  22:38  Missile Turret  
  199  22:39  SCV  
  199  22:52  Marine  
  199  22:53  Marauder  
  193  23:01  SCV x2  
  171  23:28  Ghost x3  
  171  23:29  Marauder, Marine  
  171  23:30  Marauder, Marine  
  171  23:31  Planetary Fortress  
  170  23:36  Missile Turret  
  170  23:45  Ghost  
  170  23:46  Missile Turret, Marine  
  170  23:48  Liberator x2, Viking x2  
  175  23:49  Ghost  
  175  23:50  Missile Turret  
  175  23:51  Ghost  
  185  23:57  Marauder x2  
  185  24:00  SCV  
  190  24:04  Sensor Tower  
  190  24:21  Liberator  
  193  24:57  Ghost  
  193  24:58  Marauder x2, Marine  
Show
View Real Time Build Order
Export as new Build Order

baaaaaaaaAng Zerg - Winner!

Build Orders: Hatch First 

Get SALT Encoding   

  12  0:00  Drone  
  13  0:14  Overlord  
  13  0:22  Drone  
  14  0:33  Drone  
  14  0:34  Drone  
  16  0:37  Drone  
  17  0:55  Hatchery  
  16  0:58  Drone  
  16  0:59  Drone  
  18  1:09  Drone  
  19  1:16  Spawning Pool  
  18  1:22  Drone  
  19  1:40  Hatchery  
  19  1:44  Drone x2  
  20  1:52  Drone  
  21  2:05  Zergling x2  
  21  2:06  Queen  
  24  2:09  Queen  
  24  2:12  Zergling x2  
  27  2:18  Drone  
  27  2:22  Extractor  
  27  2:23  Overlord  
  27  2:32  Drone  
  27  2:42  Drone x2  
  27  2:43  Drone  
  30  2:45  Drone  
  30  2:49  Queen  
  33  2:51  Drone  
  33  2:54  Queen  
  33  2:58  Drone  
  37  2:59  Drone  
  38  3:05  Drone  
  38  3:06  Drone  
  40  3:16  Overlord  
  40  3:18  Drone  
  41  3:30  Metabolic Boost  
  41  3:34  Overlord  
  41  3:36  Drone x5  
  41  3:37  Drone  
  47  3:46  Zergling x2  
  47  3:47  Zergling x4  
  50  3:51  Overlord  
  50  3:58  Drone x2  
  50  4:00  Drone x2  
  50  4:01  Drone  
  55  4:05  Spore Crawler  
  55  4:07  Baneling Nest, Drone x3  
  56  4:10  Drone x2  
  56  4:15  Zergling x8  
  59  4:26  Drone  
  59  4:29  Spore Crawler  
  59  4:32  Drone x3  
  59  4:35  Drone x2  
  59  4:38  Spore Crawler  
  63  4:42  Hatchery  
  62  4:48  Drone  
  63  4:53  Overlord  
  63  4:54  Queen  
  63  4:56  Zergling x2  
  63  4:59  Overlord x2  
  66  5:05  Overlord x2  
  66  5:08  Baneling x4  
  57  5:17  Zergling x10  
  57  5:18  Zergling x2  
  61  5:24  Drone  
  61  5:25  Drone x3  
  63  5:28  Drone  
  62  5:37  Zergling x6  
  63  5:53  Drone x2  
  64  6:00  Drone  
  62  6:08  Drone  
  63  6:15  Drone x3  
  63  6:22  Drone x3  
  63  6:24  Drone x4  
  63  6:25  Drone  
  70  6:31  Drone x2  
  70  6:32  Drone x2  
  74  6:36  Drone x5  
  79  6:41  Evolution Chamber  
  79  6:42  Evolution Chamber  
  79  6:44  Zergling x4, Extractor  
  79  6:45  Zergling x2  
  79  6:53  Zergling x2  
  79  6:54  Spore Crawler  
  79  6:56  Zergling x6  
  82  7:03  Zergling x4  
  82  7:04  Zergling x12  
  82  7:05  Zergling x8  
  94  7:08  Drone  
  94  7:14  Zerg Ground Armor Level 1, Zerg Melee Weapons Level 1  
  95  7:16  Drone x3  
  95  7:20  Zergling x6  
  95  7:21  Zergling x2  
  102  7:35  Zergling x20  
  101  7:37  Drone  
  101  7:38  Drone  
  101  7:40  Drone  
  101  7:41  Lair  
  101  7:42  Burrow  
  104  7:46  Extractor  
  104  7:47  Extractor  
  104  7:48  Baneling  
  104  7:50  Zergling x6  
  104  7:51  Zergling x6  
  108  7:53  Drone  
  108  7:54  Extractor  
  108  7:57  Drone x2  
  110  8:00  Drone  
  110  8:01  Overlord x2  
  110  8:04  Overlord x3  
  111  8:07  Baneling x4  
  111  8:14  Overlord x2  
  111  8:19  Drone x2, Overlord x2  
  113  8:20  Drone x2  
  113  8:21  Drone  
  113  8:22  Drone x3  
  118  8:30  Zergling x2  
  118  8:31  Zergling x14  
  126  8:34  Pneumatized Carapace  
  126  8:37  Zergling x4  
  128  8:46  Zergling x2  
  128  8:47  Zergling x16  
  132  8:51  Drone  
  132  8:53  Drone  
  132  8:54  Drone  
  134  8:57  Extractor  
  134  8:59  Drone x4  
  134  9:02  Baneling x2  
  134  9:03  Baneling x7  
  134  9:07  Drone x3  
  134  9:08  Drone x3  
  138  9:10  Centrifugal Hooks, Extractor  
  138  9:11  Extractor  
  138  9:16  Drone  
  131  9:17  Drone x3  
  131  9:18  Drone  
  131  9:22  Drone x2  
  137  9:26  Baneling x6, Drone x3  
  137  9:30  Zerg Ground Armor Level 2  
  126  9:41  Drone x2  
  126  9:42  Drone x7  
  135  9:49  Zerg Melee Weapons Level 2  
  135  9:51  Drone  
  136  9:58  Infestation Pit, Spine Crawler  
  136  9:59  Spore Crawler x2  
  132  10:03  Zergling x14  
  132  10:04  Zergling x2  
  139  10:12  Zergling x2  
  139  10:13  Zergling x14  
  145  10:16  Drone  
  145  10:17  Drone x2  
  148  10:27  Zergling x2  
  148  10:28  Zergling x12  
  153  10:33  Zergling x6  
  153  10:34  Zergling x12  
  162  10:46  Zergling x2  
  162  10:47  Zergling x10  
  168  10:52  Baneling  
  168  10:53  Baneling x5  
  152  10:59  Zergling x12  
  152  11:01  Hive  
  152  11:02  Overseer x4  
  145  11:06  Zergling x2  
  145  11:07  Zergling x14  
  152  11:15  Zergling x8  
  152  11:18  Pathogen Glands  
  154  11:19  Queen  
  154  11:21  Hatchery  
  134  11:26  Zergling x8  
  134  11:32  Zergling x2  
  125  11:35  Baneling  
  125  11:36  Baneling x8  
  125  11:38  Zergling x8  
  125  11:39  Zergling x2  
  129  11:41  Zergling x8  
  132  11:47  Zergling x6  
  132  11:54  Zergling x4  
  135  11:57  Baneling x3  
  135  11:58  Zergling x4  
  131  12:03  Zergling x2  
  131  12:05  Zergling x4  
  131  12:06  Zergling x4  
  131  12:08  Zergling x4  
  132  12:10  Queen x2  
  132  12:11  Queen  
  132  12:15  Zergling x2, Overlord  
  138  12:16  Zergling x4, Ultralisk Cavern  
  138  12:20  Overlord x2  
  138  12:21  Zergling x6  
  138  12:22  Zergling x2  
  144  12:23  Queen  
  144  12:25  Zerg Ground Armor Level 3  
  144  12:27  Infestor x2  
  150  12:31  Zerg Melee Weapons Level 3  
  150  12:33  Zergling x4  
  145  12:46  Zergling x4  
  145  12:47  Zergling x18  
  156  12:57  Overseer x3  
  156  12:58  Overseer  
  149  13:01  Zergling x6  
  149  13:02  Zergling x8  
  149  13:04  Hatchery  
  149  13:05  Overseer  
  155  13:12  Zergling x2  
  153  13:13  Zergling x16  
  158  13:30  Zergling x10  
  158  13:31  Zergling x16  
  171  13:36  Chitinous Plating  
  171  13:40  Drone  
  172  13:44  Ultralisk  
  175  13:49  Zergling x10  
  175  13:50  Zergling x4  
  175  13:52  Baneling x3  
  182  13:59  Overlord x2  
  178  14:03  Ultralisk  
  182  14:10  Baneling x12  
  182  14:22  Zergling x8  
  182  14:23  Zergling x20  
  190  14:25  Baneling x3  
  190  14:26  Baneling  
  190  14:27  Overseer x2  
  190  14:28  Overseer  
  190  14:34  Spore Crawler, Extractor  
  190  14:35  Extractor  
  187  14:42  Overseer  
  187  14:44  Ultralisk  
  165  14:54  Overlord x4  
  165  14:55  Anabolic Synthesis  
  165  14:56  Overlord x2  
  165  14:58  Overlord  
  165  14:59  Overseer, Overlord  
  165  15:00  Overseer  
  165  15:06  Overlord x2  
  165  15:07  Overlord  
  160  15:10  Baneling x3  
  160  15:11  Baneling x3  
  160  15:12  Overlord  
  160  15:14  Drone  
  160  15:15  Drone  
  162  15:27  Zergling x2  
  162  15:28  Zergling x20  
  162  15:29  Zergling x2  
  162  15:35  Zergling x12  
  159  15:36  Zergling x2  
  159  15:41  Viper x2  
  162  15:49  Zergling x16  
  168  15:51  Baneling  
  168  15:52  Baneling x2  
  168  15:54  Baneling  
  168  15:56  Zerg Missile Weapons Level 1  
  168  16:01  Zergling x4, Spire  
  168  16:03  Baneling x2  
  168  16:04  Baneling  
  166  16:17  Drone x3  
  166  16:18  Drone x2  
  170  16:22  Zergling x10  
  170  16:23  Zergling x4  
  164  16:45  Spore Crawler x2  
  162  16:54  Ultralisk x3  
  174  16:56  Drone  
  174  16:57  Drone  
  174  16:58  Drone  
  183  17:06  Drone, Overlord  
  183  17:07  Drone x2  
  186  17:08  Drone x2  
  186  17:09  Drone  
  189  17:16  Zerg Flyer Weapons Level 1  
  189  17:20  Corruptor x2, Spore Crawler  
  192  17:29  Corruptor  
  192  17:30  Corruptor x2  
  192  17:36  Baneling x6  
  192  17:37  Baneling  
  198  17:39  Corruptor  
  198  17:43  Hydralisk Den  
  199  17:49  Zergling x2  
  199  17:50  Zergling x2  
  200  17:55  Overlord x3  
  162  18:25  Zergling x2  
  162  18:26  Zergling x32  
  162  18:27  Zergling x22  
  166  18:33  Corruptor x2  
  166  18:38  Corruptor x3  
  171  18:43  Zergling x2  
  171  18:44  Zergling x2  
  165  18:52  Zergling x4  
  165  18:53  Zergling x10  
  168  18:59  Drone x3  
  148  19:15  Ultralisk  
  146  19:22  Baneling x9, Hatchery  
  146  19:23  Baneling x4, Overseer  
  145  19:25  Corruptor  
  147  19:32  Drone x6  
  153  19:47  Zergling x2  
  153  19:48  Ultralisk  
  153  19:49  Ultralisk  
  153  19:51  Infestor  
  168  19:57  Grooved Spines  
  168  19:58  Zerg Flyer Weapons Level 2  
  169  20:07  Zergling x14  
  173  20:15  Zergling x14  
  177  20:27  Zergling x2  
  177  20:28  Zergling x18  
  186  20:31  Baneling x5  
  183  20:48  Drone x5  
  183  20:49  Drone x2  
  186  20:50  Drone x3  
  186  20:52  Zergling x2  
  186  20:53  Zergling x10  
  193  20:57  Extractor  
  193  20:58  Baneling x4, Extractor  
  193  20:59  Baneling x5, Hydralisk  
  193  21:07  Drone x2  
  195  21:15  Infestor x2  
  191  21:21  Corruptor x2  
  191  21:24  Baneling  
  191  21:25  Baneling x9  
  188  21:30  Hatchery  
  188  21:32  Zergling x6, Extractor  
  188  21:33  Zergling x2  
  167  21:40  Zergling x14  
  167  21:42  Infestor  
  167  21:46  Infestor  
  166  21:49  Zergling x2  
  166  21:50  Zergling x12  
  166  21:51  Zergling x2  
  174  21:54  Infestor  
  174  21:58  Zergling x8  
  174  21:59  Zergling x4  
  182  22:11  Lurker Den  
  182  22:15  Zergling x20  
  185  22:18  Hydralisk x2  
  190  22:25  Zergling x8  
  194  22:32  Overlord  
  194  22:33  Hydralisk  
  194  22:34  Hydralisk  
  194  22:36  Zerg Flyer Armor Level 1  
  198  22:38  Zerg Missile Weapons Level 2  
  198  22:42  Baneling  
  198  22:43  Baneling x2  
  196  22:53  Baneling  
  196  22:54  Baneling  
  185  22:59  Zergling x2  
  185  23:00  Zergling x18  
  185  23:05  Zergling x8  
  196  23:06  Zergling x4  
  195  23:21  Drone  
  195  23:31  Ultralisk Cavern  
  192  23:37  Lurker Den  
  192  23:38  Zergling x4  
  192  23:39  Zergling x12  
  199  23:49  Spine Crawler  
  199  23:50  Lurker x2, Spine Crawler  
  199  23:57  Baneling  
  199  23:58  Baneling x17  
  199  23:59  Baneling x4  
  199  24:08  Spore Crawler, Spine Crawler  
  192  24:10  Zergling x2  
  192  24:11  Zergling x12  
  192  24:13  Extractor  
  196  24:23  Hatchery  
  195  24:30  Hydralisk x2  
  197  24:50  Overlord x2  
  154  25:17  Zergling x22  
  154  25:20  Lurker x2  
Tags
 
Add a new tag
Caveats
  • Supply blocks, unpowered buildings, or Contaminate may cause inaccurate times.
  • Supply counts are checked every 10 seconds.